Cogmind - Beta 13 @@@ ROGUE MODE // 2024.04.03 @ 17:06:23 Player: Peperos Result: Destroyed by Y-54 Guardian with Gatling Laser Performance ------------- Evolutions (3) 1500 Regions Visited (7) 1400 Robots Destroyed (137) 685 Value Destroyed (4447) 4447 Prototype IDs (16) 320 Alien Tech Used (0) 0 Bonus (1339) 1339 TOTAL SCORE: 9691 Bonus ------- High Alert Combat Kills 924 Follower Combat Kills 115 Aligned with FarCom 300 Cogmind --------- Core Integrity 0/700 Matter 221/300 Energy 42/100 System Corruption 28% Temperature Cool (16) Movement Core (150) Ox2 Location -7/Storage Parts ------- > --- POWER (1) -------- (None) > --- PROPULSION (4) --- Xenon Bombardment Thruster Xenon Bombardment Thruster Cooled VTOL Module > --- UTILITY (6) ------ Advanced Weight Redist. System Hacking Suite > --- WEAPON (2) ------- Missile Launcher Scythe > --- INVENTORY (5) ---- Advanced Weight Redist. System Microactuators Peak State ------------ > --- POWER ------------ Improved Deuterium Engine > --- PROPULSION ------- Medium Treads Gravmag System Gravmag System Gravmag System > --- UTILITY ---------- High-capacity Storage Unit Structural Scanner Light Armor Plating Hacking Suite Hacking Suite Hacking Suite > --- WEAPON ----------- Greatsword > --- INVENTORY -------- Light Deuterium Engine Light Nuclear Core Improved Deuterium Engine Micro Nuclear Core Light Treads Armored Treads Advanced Treads Advanced Weight Redist. System Advanced Weight Redist. System Advanced Weight Redist. System Melee Analysis Suite Microactuators Hacking Suite Gatling Laser YOLO Cannon Heavy Assault Rifle Shock Bomb Launcher Missile Launcher Field Lobotomy Kit [Rating: 48] Favorites ----------- Power Light Ion Engine Engine Light Ion Engine Power Core Light Nuclear Core Propulsion Light Treads Treads Light Treads Hover Unit Gravmag System Flight Unit Cooled VTOL Module Utility Hacking Suite Device Structural Scanner Storage High-capacity Storage Unit Processor Melee Analysis Suite Hackware Hacking Suite Protection Improved Light Armor Plating Weapon Light Assault Rifle Energy Gun Gatling Laser Energy Cannon Cooled Particle Cannon Ballistic Gun Light Assault Rifle Launcher Grenade Launcher Special Weapon Field Lobotomy Kit Impact Weapon Heavy Flail Slashing Weapon Scythe Build | -11 -10 -10 -10 -9 -8 -7 -7 ------- Run | Yrd Mat Min Exi Min Mat Fac Sto Slots Evolved 6 | . . . . . 4 2 . Power . | . . . . . . . . Propulsion 2 | . . . . . 2 . . Utility 4 | . . . . . 2 2 . Weapon . | . . . . . . . . Parts Attached 144 | 6 9 2 2 2 47 67 9 Power 16 | 1 1 . . . 4 8 2 Engine 10 | 1 1 . . . 4 4 . Core 6 | . . . . . . 4 2 Reactor . | . . . . . . . . Propulsion 56 | 2 2 1 . . 20 27 4 Treads 45 | 2 2 1 . . 19 21 . Leg . | . . . . . . . . Wheel . | . . . . . . . . Hover 3 | . . . . . . 3 . Flight 8 | . . . . . 1 3 4 Utility 32 | 1 3 . . . 8 18 2 Device 13 | . 1 . . . 6 4 2 Storage 3 | 1 1 . . . . 1 . Processor 1 | . . . . . . 1 . Hackware 6 | . 1 . . . 1 4 . Protection 9 | . . . . . 1 8 . Artifact . | . . . . . . . . Weapon 40 | 2 3 1 2 2 15 14 1 Energy Gun 5 | 2 . . . . . 3 . Energy Cannon 3 | . . . 1 . . 2 . Ballistic Gun 16 | . 2 . . 1 10 3 . Ballistic Cannon . | . . . . . . . . Launcher 10 | . 1 1 . 1 4 2 1 Special Weapon 1 | . . . 1 . . . . Impact Weapon 1 | . . . . . . 1 . Slashing Weapon 4 | . . . . . 1 3 . Piercing Weapon . | . . . . . . . . Special Melee Weapon . | . . . . . . . . Unidentified Prototypes 8 | . . . 2 . 3 3 . Parts Lost 53 | . 2 2 . . 22 22 5 Power 8 | . 1 . . . 3 2 2 Propulsion 20 | . 1 1 . . 10 7 1 Utility 14 | . . . . . 3 10 1 Weapon 11 | . . 1 . . 6 3 1 Highest Loss Streak 6 | . 1 1 . . 6 4 4 To Critical Strikes 2 | . . . . . 1 1 . Average Slot Usage (%) 89 | . 92 96 84 89 86 88 57 Engine 9 | . 14 14 14 14 8 4 . Treads 26 | . 22 24 28 28 28 27 . Device 5 | . 11 . . . 9 4 13 Storage 10 | . 14 14 14 14 9 6 . Hackware 12 | . . 14 14 14 12 17 7 Protection 3 | . . . . . . 10 . Energy Gun 1 | . . . . . . 2 . Ballistic Gun 9 | . 15 14 6 9 15 1 . Launcher 5 | . 11 14 6 9 2 . 2 Slashing Weapon 2 | . . . . . . 5 7 Naked Turns . | . . . . . . . . Heaviest Build 68 | 12 48 47 47 47 59 68 14 Greatest Support 90 | 40 40 40 40 40 80 90 35 Greatest Overweight (x) 18 | . 2 2 1 1 2 18 2 Average Overweight (x) . | . 1 1 1 1 . . . Largest Inventory Capacity 20 | 8 20 20 20 20 20 20 5 Average Capacity 19 | 7 18 20 20 20 20 19 5 Most Carried 20 | 2 11 10 16 16 20 20 5 Average Carried 14 | 1 5 9 13 14 17 17 4 Final Capacity 20 | 8 20 20 20 20 20 5 5 Final Carried 19 | 2 10 10 16 14 19 5 2 Class Distribution -------------------- 47% | Mutant 24% | Scavenger-Mutant 23% | Hacker-Mutant 3% | Hacker-Gladiator Dominant Class ---------------- Mutant | -10/Materials Mutant | -10/Mines Mutant | -10/Exiles Mutant | -9/Mines Scavenger-Mutant | -8/Materials Hacker-Mutant | -7/Factory Sprinter | -7/Storage Resources | -11 -10 -10 -10 -9 -8 -7 -7 ----------- Run | Yrd Mat Min Exi Min Mat Fac Sto Matter Collected 3048 | 223 268 85 . 20 1256 1106 90 Remotely . | . . . . . . . . Salvage Created 5055 | . 471 3 . . 1765 2720 96 Parts 300 | . 36 3 . . 110 147 4 Haulers Intercepted 5 | . 2 . . . 1 2 . Recyclers Shooed 4 | . . . . . 2 2 . Parts Field Recycled . | . . . . . . . . Retrieved Matter . | . . . . . . . . Parts Self-Destructed . | . . . . . . . . Prevented . | . . . . . . . . Kills | -11 -10 -10 -10 -9 -8 -7 -7 ------- Run | Yrd Mat Min Exi Min Mat Fac Sto Combat Hostiles Destroyed 107 | . 14 . . . 46 47 . Melee 19 | . . . . . . 19 . Guns 67 | . 10 . . . 35 22 . Cannons 1 | . . . . . . 1 . AOE 20 | . 4 . . . 11 5 . Classes Destroyed 15 | . 7 . . . 5 3 . Worker 5 | . 1 2 . . 1 1 . Builder 10 | . 1 . . . 3 5 1 Tunneler 1 | . . . . . . 1 . Hauler 5 | . 2 . . . 1 2 . Recycler 7 | . . . . . 2 4 1 Operator 6 | . 1 . . . 1 3 1 Watcher 3 | . 2 . . . 1 . . Swarmer 17 | . 6 . . . 11 . . Grunt 60 | . 8 . . . 22 30 . Brawler 2 | . . . . . 1 1 . Duelist 1 | . . . . . . 1 . Protector 2 | . . . . . 1 1 . Sentry 16 | . . . . . 10 6 . Hunter 2 | . . . . . 1 1 . Programmer 7 | . . . . . . 7 . Best Kill Streak 7 | . 3 2 . . 7 6 2 Combat Bots Only 6 | . 3 . . . 6 6 . Max Kills in Single Turn 4 | . 2 2 . . 4 2 1 Gunslinging . | . . . . . . . . Exploded 4 | . 1 . . . 4 2 . Melee 1 | . . . . . . 1 . Uniques/NPCs Destroyed . | . . . . . . . . Combat | -11 -10 -10 -10 -9 -8 -7 -7 -------- Run | Yrd Mat Min Exi Min Mat Fac Sto Hostile Shots Fired 851 | . 70 . . . 250 412 119 Missed 264 | . 19 . . . 58 129 58 Damage Taken 7919 | . 547 155 . . 2998 3626 593 Core 1330 | . 114 18 . . 488 410 300 Absorbed by Shields 20 | . . . . . . 20 . Redirected to Shielding 55 | . . . . . . 55 . Regen/Repaired (Parts) 490 | . . . . . 63 427 . Core Remaining (%) 52 | 100 . . . 47 11 . . Volleys Fired 347 | . 69 1 . . 153 121 3 Largest 2 | . 2 2 . . 2 2 1 Hottest 105 | . 90 50 . . 55 105 36 Shots Fired 519 | . 104 3 1 . 274 134 3 Gun 477 | . 95 1 1 . 262 118 . Cannon 8 | . . . . . . 8 . Launcher 34 | . 9 2 . . 12 8 3 Special . | . . . . . . . . Kinetic 420 | . 85 1 1 . 262 71 . Thermal 60 | . 5 . . . . 55 . Explosive 34 | . 9 2 . . 12 8 3 Electromagnetic 5 | . 5 . . . . . . Robot Hit Streak 18 | . 8 4 . . 18 14 . Robot Miss Streak 8 | . 3 . . . 8 6 . Penetration Max . | . . . . . . . . Secondary Targets 3 | . 1 . . . 2 . . Max Gunslinging Chain 1 | . 1 . . . 1 . . Shots Hit Robots 443 | . 65 1 . . 199 172 6 Core Hits 288 | . 38 5 . . 127 117 1 Critical Kills 3 | . . . . . 2 1 . Critical Parts Destroyed 2 | . . . . . 1 1 . Critical Strikes 10 | . 1 . . . 3 6 . Destroy 4 | . . . . . 3 1 . Corrupt 1 | . 1 . . . . . . Smash 1 | . . . . . . 1 . Sever 4 | . . . . . . 4 . Melee Attacks 97 | . . . . . 1 86 10 Impact 6 | . . . . . . 6 . Slashing 91 | . . . . . 1 80 10 Piercing . | . . . . . . . . Sneak Attacks 14 | . . . . . . 12 2 Combat Hostiles . | . . . . . . . . Follow-up Attacks . | . . . . . . . . Damage Inflicted 11418 | 5 1055 61 . . 3495 6471 331 Guns 5355 | . 524 . . . 2697 2134 . Cannons 220 | . . . . . . 220 . Explosions 2392 | . 518 60 . . 776 1010 28 Melee 3391 | . . . . . . 3088 303 Ramming 60 | 5 13 1 . . 22 19 . Kinetic 4253 | . 453 . . . 2697 1103 . Thermal 1323 | . 26 46 . . . 1251 . Explosive 2346 | . 518 14 . . 776 1010 28 Electromagnetic 45 | . 45 . . . . . . Impact 120 | . . . . . . 120 . Slashing 3271 | . . . . . . 2968 303 Piercing . | . . . . . . . . Highest Corruption 28 | . 2 3 3 3 1 28 28 Average Corruption 6 | . 2 2 3 3 1 11 28 Corruption Purged . | . . . . . . . . Corruption Blocked . | . . . . . . . . Effects 179 | . 1 30 10 3 15 111 9 Message Errors 44 | . . 8 2 . 2 31 1 Matter Fused 39 | . . 10 3 . 3 22 1 Heat Flow Errors 20 | . . 4 1 . 3 10 2 Energy Discharges 20 | . 1 2 1 . 1 15 . Parts Rejected 2 | . . . . . . 2 . Parts Fused 2 | . . . . 1 1 . . Data Loss (minor) 25 | . . 2 1 1 2 17 2 Data Loss (major) 11 | . . 1 . . 2 7 1 Misfires 4 | . . 1 1 . . 2 . Alerts 5 | . . 2 1 1 . 1 . Misdirections 4 | . . . . . . 2 2 Weapon Failures 3 | . . . . . 1 2 . Overload Shots 2 | . . . . . . 2 . Effects 1 | . . . . . . 1 . Energy Bleed 1 | . . . . . . 1 . Overflow Damage 850 | . 11 10 . . 56 629 144 Projectiles . | . . . . . . . . Explosions 123 | . 11 10 . . 56 46 . Melee 727 | . . . . . . 583 144 Knockbacks . | . . . . . . . . Impact . | . . . . . . . . Kinetic . | . . . . . . . . Secondary . | . . . . . . . . Self-Inflicted Damage 293 | . 10 127 . . 120 22 14 Shots 14 | . 1 5 . . 6 1 1 Rammed 12 | 2 3 1 . . 5 1 . Targets Rammed 13 | 2 3 1 . . 5 2 . Kicked . | . . . . . . . . Crushed 1 | . . . . . . 1 . Highest Temperature 396 | . 150 220 148 . 259 396 247 Average Temperature 84 | . 35 75 79 . 39 118 78 Received Heat Transfer 2625 | . 168 . . . 1092 1188 177 Effects 4 | . . . . . . 4 . Shutdowns 1 | . . . . . . 1 . Interference 2 | . . . . . . 2 . Matter Decay 1 | . . . . . . 1 . Siege Activations . | . . . . . . . . Robots Corrupted . | . . . . . . . . Combat Hostiles . | . . . . . . . . Parts Fried 1 | . . . . . . 1 . Impact Corruptions 2 | . . . . . . 2 . Robots Melted . | . . . . . . . . Combat Hostiles . | . . . . . . . . Parts Melted 3 | . . . . . . 3 . Heat Transferred 2710 | . 74 150 . . . 2486 . Parts Sabotaged . | . . . . . . . . Parts Stolen . | . . . . . . . . Parts Stripped . | . . . . . . . . Power Chain Reactions . | . . . . . . . . Alert | -11 -10 -10 -10 -9 -8 -7 -7 ------- Run | Yrd Mat Min Exi Min Mat Fac Sto Peak Influence 883 | . 319 101 . . 866 883 674 Initial 399 | . . 37 . . . 382 399 Average 310 | . 98 20 . . 322 528 501 Maximum Alert Level 3 | . 1 . . . 3 3 2 Low Security (%) 41 | 100 88 100 . 100 31 . . Level 1 19 | . 11 . . . 34 21 . Level 2 30 | . . . . . 19 63 99 Level 3 9 | . . . . . 14 14 . Level 4 . | . . . . . . . . Level 5 . | . . . . . . . . High Security . | . . . . . . . . Max Security . | . . . . . . . . Squads Dispatched 44 | . 2 . . . 12 28 2 Investigation 21 | . 1 . . . 5 15 . Extermination 8 | . . . . . . 8 . Reinforcement 8 | . 1 . . . 2 3 2 Assault 4 | . . . . . 2 2 . Garrison 3 | . . . . . 3 . . Intercept . | . . . . . . . . Searches Triggered . | . . . . . . . . Construction Impeded 1 | . . . . . . 1 . Haulers Reinforced . | . . . . . . . . Active Scanning Responses . | . . . . . . . . Cargo Convoy Interrupts . | . . . . . . . . Stealth | -11 -10 -10 -10 -9 -8 -7 -7 --------- Run | Yrd Mat Min Exi Min Mat Fac Sto Distress Signals 17 | . 2 . . . 7 3 5 Communications Jammed . | . . . . . . . . Distress Signals . | . . . . . . . . Times Spotted 187 | . 30 . . . 71 72 14 Peak Tracking Total 10 | . 4 . . . 7 5 10 Tactical Retreats 8 | . 1 . . . 3 3 1 Traps | -11 -10 -10 -10 -9 -8 -7 -7 ------- Run | Yrd Mat Min Exi Min Mat Fac Sto Traps Triggered 14 | . 4 . . . 5 3 2 Indirectly . | . . . . . . . . Trap Hack Attempts . | . . . . . . . . Triggered . | . . . . . . . . Disarmed . | . . . . . . . . Reprogrammed . | . . . . . . . . Reused . | . . . . . . . . Traps Extracted . | . . . . . . . . Installed . | . . . . . . . . Triggered . | . . . . . . . . Objects Rigged 1 | . . . . . 1 . . Machines | -11 -10 -10 -10 -9 -8 -7 -7 ---------- Run | Yrd Mat Min Exi Min Mat Fac Sto Machines Disabled 8 | . . 3 . . 4 . 1 Max in Single Turn 3 | . . 3 . . 1 . 1 Machines Repaired . | . . . . . . . . Machines Dismantled . | . . . . . . . . Machines Sabotaged . | . . . . . . . . Overloaded Fab Kills . | . . . . . . . . Hacking | -11 -10 -10 -10 -9 -8 -7 -7 --------- Run | Yrd Mat Min Exi Min Mat Fac Sto Machines Accessed 39 | . 1 1 1 . 12 23 1 Terminals 20 | . 1 . . . 7 11 1 Fabricators 4 | . . . . . . 4 . Repair Stations 4 | . . . . . 1 3 . Recycling Units 4 | . . . . . 1 3 . Scanalyzers 3 | . . . . . 2 1 . Garrison Access 2 | . . . . . 1 1 . Total Hacks 131 | . 1 1 9 . 52 67 1 Successful 88 | . 1 1 9 . 40 36 1 Failed 43 | . . . . . 12 31 . Catastrophic 13 | . . . . . 4 9 . Database Lockouts . | . . . . . . . . Manual 36 | . . . 2 . 12 21 1 Terminals 54 | . 1 . . . 16 36 1 Fabricators 10 | . . . . . . 10 . Repair Stations 12 | . . . . . 2 10 . Recycling Units 7 | . . . . . 2 5 . Scanalyzers 32 | . . . . . 29 3 . Garrison Access 6 | . . . . . 3 3 . Terminal Hacks 31 | . 1 1 9 . 7 12 1 Record 11 | . . . 9 . . 2 . Part Schematic 1 | . . . . . . 1 . Robot Schematic 1 | . . . . . . 1 . Robot Analysis 2 | . 1 . . . . 1 . Prototype ID Bank 4 | . . . . . 2 2 . Open Door 1 | . . 1 . . . . . Level Access Points 2 | . . . . . 1 . 1 Emergency Access Points 1 | . . . . . 1 . . Alert Level 2 | . . . . . 1 1 . Unreport Threat 1 | . . . . . . 1 . Dispatch Records 1 | . . . . . . 1 . Recall Investigation 2 | . . . . . 1 1 . Hauler Manifests 2 | . . . . . 1 1 . Fabricator Hacks 7 | . . . . . . 7 . Network Status 1 | . . . . . . 1 . Load Schematic 4 | . . . . . . 4 . Build 2 | . . . . . . 2 . Repair Station Hacks 12 | . . . . . 2 10 . Scan Component 6 | . . . . . 1 5 . Repair 6 | . . . . . 1 5 . Recycling Unit Hacks 7 | . . . . . 2 5 . Report Inventory 4 | . . . . . 1 3 . Retrieve Components 3 | . . . . . 1 2 . Scanalyzer 31 | . . . . . 29 2 . Insert Component 16 | . . . . . 15 1 . Analyze 15 | . . . . . 14 1 . Garrison Access Hacks . | . . . . . . . . Unauthorized Hacks . | . . . . . . . . Terminals . | . . . . . . . . Fabricators . | . . . . . . . . Repair Stations . | . . . . . . . . Recycling Units . | . . . . . . . . Scanalyzers . | . . . . . . . . Garrison Access . | . . . . . . . . Data Cores Recovered . | . . . . . . . . Used . | . . . . . . . . Hacking Detections 30 | . 1 . . . 9 20 . Full Trace Events 21 | . . . . . 6 15 . Feedback Events 1 | . . . . . . 1 . Corruption 1 | . . . . . . 1 . Feedback Blocked . | . . . . . . . . Robot Schematics Acquired 1 | . . . . . . 1 . Robots Built . | . . . . . . . . Authchips . | . . . . . . . . Time . | . . . . . . . . Total Robot Build Rating . | . . . . . . . . Part Schematics Acquired 15 | . . . . . 13 2 . Parts Built 1 | . . . . . . 1 . Authchips . | . . . . . . . . Time 196 | . . . . . . 196 . Total Part Build Rating 4 | . . . . . . 4 . Parts Repaired 6 | . . . . . 1 5 . Time 193 | . . . . . 44 149 . Parts Recycled . | . . . . . . . . Recycled Matter . | . . . . . . . . Retrieved Matter . | . . . . . . . . Retrieved Components 26 | . . . . . 9 17 . Parts Scanalyzed 14 | . . . . . 13 1 . Part Schematics Acquired 14 | . . . . . 13 1 . Parts Damaged . | . . . . . . . . Bothacking | -11 -10 -10 -10 -9 -8 -7 -7 ------------ Run | Yrd Mat Min Exi Min Mat Fac Sto Used RIF Installer . | . . . . . . . . Robots Hacked . | . . . . . . . . Non-combat . | . . . . . . . . Combat . | . . . . . . . . Robot Hacks Applied . | . . . . . . . . Relay Couplers Released . | . . . . . . . . Fabnet Peak Effective % . | . . . . . . . . Robots Rewired . | . . . . . . . . Allies Hacked . | . . . . . . . . Hacks Repelled . | . . . . . . . . Allies | -11 -10 -10 -10 -9 -8 -7 -7 -------- Run | Yrd Mat Min Exi Min Mat Fac Sto Total Allies 13 | . . 3 . . . . 10 Largest Group 10 | . . 3 3 3 3 . 10 Highest-Rated Group 173 | . . 40 40 40 40 . 173 Highest-Rated Ally 29 | . . 16 16 16 16 . 29 Total Orders . | . . . . . . . . Ally Attacks 35 | . . . . . 12 . 23 Total Damage 422 | . . . . . 106 . 316 Kills 6 | . . . . . 1 . 5 Allies Corrupted . | . . . . . . . . Allies Melted . | . . . . . . . . Intel | -11 -10 -10 -10 -9 -8 -7 -7 ------- Run | Yrd Mat Min Exi Min Mat Fac Sto Robot Analysis Total 2 | . 1 . . . . 1 . Derelict Logs Recovered 1 | . . 1 . . . . . Drone Launches . | . . . . . . . . Drone Recoveries . | . . . . . . . . Exploration | -11 -10 -10 -10 -9 -8 -7 -7 ------------- Run | Yrd Mat Min Exi Min Mat Fac Sto Turns Passed 12052 | 60 1808 1911 759 163 2889 4343 119 Spaces Moved 5445 | 31 629 747 314 68 1168 2261 227 Core 13 | 2 . . . . . 1 10 Treads 4979 | 29 629 747 314 68 1168 2024 . Legs . | . . . . . . . . Wheels . | . . . . . . . . Hover . | . . . . . . . . Flight 453 | . . . . . . 236 217 Fastest Speed 21 | 50 160 240 240 240 160 26 21 Average Speed 185 | 152 256 254 240 240 188 149 30 Slowest Speed 950 | 160 320 320 240 240 320 950 150 Overloaded Moves 90 | . . . . . . 15 75 Propulsion Burnouts . | . . . . . . . . Robots Hopped . | . . . . . . . . Cave-ins Triggered . | . . . . . . . . Exploration Rate (%) 60 | 5 97 99 67 29 90 50 48 Regions Visited 7 Branch Regions 4 Pre-discovered Areas . | . . . . . . . . Known Exits Taken 2 | . . . . . 1 1 . Unknown Exits Taken 5 | 1 1 1 1 1 . . . Scrap Searched 4 | . . 3 . 1 . . . Spaces Dug 9 | . . . . . 1 8 . Terrain Destroyed 288 | . 77 24 . . 86 66 35 Melee 9 | . . . . . 1 8 . Projectile 3 | . . . . . . 3 . AOE 276 | . 77 24 . . 85 55 35 Terrain Rammed . | . . . . . . . . Walls Destroyed . | . . . . . . . . Machines Disabled . | . . . . . . . . Actions | -11 -10 -10 -10 -9 -8 -7 -7 --------- Run | Yrd Mat Min Exi Min Mat Fac Sto Total 6693 | 40 731 752 321 69 1598 2927 255 Wait 506 | . 9 . . . 182 309 6 Move 5439 | 31 628 746 313 67 1167 2260 227 Hop . | . . . . . . . . Pick Up 63 | 2 9 2 3 . 26 21 . Fast Attach 69 | 6 6 . . . 21 30 6 Attach 46 | . 2 2 1 2 16 20 3 Detach 11 | . 1 . 3 . 1 6 . Swap 29 | . 1 . 1 . 10 17 . Drop 58 | . 3 . . . 15 40 . Fire 347 | . 69 1 . . 153 121 3 Melee 97 | . . . . . 1 86 10 Ram . | . . . . . . . . Kick . | . . . . . . . . Crush 12 | 1 3 1 . . 5 2 . Escape Stasis 15 | . . . . . . 15 . Rewire . | . . . . . . . . Trap 1 | . . . . . 1 . . Miscellaneous . | . . . . . . . . Route ------- -11/Scrapyard -10/Materials (discovered 5 exits: [*Mat x3] / *Min x2) -10/Mines (discovered 3 exits: [*Mat x2] / *Exi) -10/Exiles -9/Mines -8/Materials (discovered 3 exits: *Fac x3) -7/Factory (discovered 5 exits: *Fac x3 / *Sto x2) -7/Storage (discovered 1 exit: Fac) History --------- Turn | Location | Event 26 | -11/Scrapyard | Discovered new exit (range 15) 61 | -11/Scrapyard | Entered Materials 304 | -10/Materials | Build established: Mutant 327 | -10/Materials | Discovered new exit (range 11) 439 | -10/Materials | Discovered new exit (range 16) 603 | -10/Materials | Discovered new exit (range 15) 693 | -10/Materials | Discovered new exit (range 9) 1734 | -10/Materials | Discovered new exit (range 14) 1869 | -10/Materials | Entered Mines 1871 | -10/Mines | Core integrity fell below 50% 2001 | -10/Mines | Discovered new exit (range 5) 2378 | -10/Mines | Discovered new exit (range 9) 2608 | -10/Mines | Found a damaged Exp. Sensor Array with a note attached 2613 | -10/Mines | Found Prototype Device 2672 | -10/Mines | Met a Derelict who couldn't figure out how to use a Trap Extractor 2815 | -10/Mines | Assisted by bots powering up and referring to "LRC-V3" 3226 | -10/Mines | Discovered new exit (range 13) 3771 | -10/Mines | Deemed a non-threat by the Exiles lab entrance 3780 | -10/Mines | Entered Exiles 3780 | -10/Exiles | Accompanied by 3 allies 3838 | -10/Exiles | Met 8R-AWN 3881 | -10/Exiles | Met EX-HEX 3953 | -10/Exiles | Met EX-BIN 3980 | -10/Exiles | Aligned with FarCom system 3982 | -10/Exiles | Given EX-Vault access code 4061 | -10/Exiles | Opened EX-Vault 4076 | -10/Exiles | Found Prototype Device 4079 | -10/Exiles | Found Prototype Special Weapon 4085 | -10/Exiles | Found Prototype Energy Cannon 4124 | -10/Exiles | Identified Field Lobotomy Kit 4127 | -10/Exiles | Identified YOLO Cannon 4140 | -10/Exiles | Warned to stay clear of 0b10 Research branches 4215 | -10/Exiles | Met EX-DEC 4297 | -10/Exiles | Visited The Gauntlet 4512 | -10/Exiles | Discovered new exit (range 14) 4539 | -10/Exiles | Stole three prototypes: YOLO Cannon, Field Lobotomy Kit, PSU Rigger 4539 | -10/Exiles | Entered Mines 4539 | -9/Mines | Accompanied by 3 allies 4669 | -9/Mines | Discovered new exit (range 15) 4684 | -9/Mines | Assembled infested the area 4689 | -9/Mines | Assisted by a Guerilla fighting off Assembled 4702 | -9/Mines | Entered Materials 4702 | -8/Materials | Accompanied by 3 allies 4702 | -8/Materials | Evolved 4 slots: Propulsion x2, Utility x2 4815 | -8/Materials | Identified PSU Rigger 4854 | -8/Materials | Identified Exp. Sensor Array 4947 | -8/Materials | Lost 3 allies 5280 | -8/Materials | Discovered new exit (range 3) 5418 | -8/Materials | Lost 6 parts (1p2n1u2w) 5456 | -8/Materials | Core integrity fell below 50% 5519 | -8/Materials | Lost 4 parts (3n1w) 5660 | -8/Materials | Build established: Scavenger-Mutant 5769 | -8/Materials | Discovered new exit (range 6) 5855 | -8/Materials | Identified exit to Factory 5987 | -8/Materials | Lost 4 parts (1n1u2w) 6433 | -8/Materials | Build established: Mutant 6743 | -8/Materials | Build established: Hacker-Mutant 7102 | -8/Materials | First assault squad dispatched 7173 | -8/Materials | Build established: Scavenger-Mutant 7209 | -8/Materials | Core integrity fell below 20% 7437 | -8/Materials | Repaired Imp. Deuterium Engine 7591 | -8/Materials | Entered Factory 7591 | -7/Factory | Evolved 2 slots: Utility x2 7592 | -7/Factory | Identified exit to Storage 7593 | -7/Factory | FarCom data flow suspended 7915 | -7/Factory | Build established: Hacker-Mutant 8092 | -7/Factory | Lost 3 parts (2n1w) 8343 | -7/Factory | Lost 3 parts (1n1u1w) 8397 | -7/Factory | Repaired Hvy. Assault Rifle 8885 | -7/Factory | Repaired Imp. Deuterium Engine 8924 | -7/Factory | Repaired Adv. Treads 9016 | -7/Factory | Discovered new exit (range 4) 9447 | -7/Factory | Repaired Lgt. Armor Plating 9470 | -7/Factory | Repaired Greatsword 9991 | -7/Factory | First assault squad dispatched 10036 | -7/Factory | Build established: Hacker-Gladiator 10103 | -7/Factory | System corruption reached 10% 10133 | -7/Factory | Lost 3 parts (2u1w) 10182 | -7/Factory | Lost 4 parts (1n3u) 10467 | -7/Factory | Build established: Scavenger-Mutant 10655 | -7/Factory | Discovered new exit (range 8) 11500 | -7/Factory | Discovered exit to Storage (range 3) 11722 | -7/Factory | Fabricated Cld. VTOL Module? 11886 | -7/Factory | Core integrity fell below 50% 11886 | -7/Factory | Discovered new exit (range 6) 11934 | -7/Factory | Entered Storage 11980 | -7/Storage | Identified exit to Factory 11985 | -7/Storage | Assisted by bots powering up and referring to "LRC-V3" 12022 | -7/Storage | Core integrity fell below 20% 12053 | -7/Storage | Destroyed by Y-54 Guardian with Gatling Laser Last Messages --------------- 12026_ W-25 Informer sends out distress signal. 12026_ Acquired Xenon Bombardment Thruster. 12030_ System corrupted: Component data lost. 12031_ Triggered Blade Trap. 12031_ Massive razor-sharp blades shoot up from within the floor. 12031_ Structural Scanner severed. 12031_ Xenon Bombardment Thruster severed. 12031_ Acquired Xenon Bombardment Thruster. 12040_ O-24 Administrator sends out distress signal. 12040_ O-24 Administrator: "IFF HANDSHAKE FAILED. SECURING TERMINAL." 12040_ Cld. VTOL Module destroyed. 12040_ Critical hit (Burn: +37). 12041_ Mic. Nuclear Core destroyed. 12047_ System corrupted: Heat flow error (+118). 12048_ ALERT: Hostiles spotted, dispatching reinforcements to Terminal S002. [Achievement: Just Browsing] Map ----- +----------------------------------------------------+ | ????????????????????????????????????????? | | ????????????????????????????????????????? | | ????????????????????????????????????????? | | ????????????????????????????????????????? | | ????????????????????????????????????????? | | ????????